 Dungeon Sprint DCSS version 0.21.2 (webtiles) character file.

11543 Fang the Severer (level 11, -11/75 HPs)
             Began as a Gargoyle Berserker on Oct 2, 2018.
             Was the Champion of Trog.
             Mangled by a sun demon (13 damage)
             ... summoned by an orc sorcerer
             ... in the Dungeon (Sprint IX: "|||||||||||||||||||||||||||||").
             The game lasted 00:04:20 (1921 turns).

Fang the Severer (Gargoyle Berserker)               Turns: 1921, Time: 00:04:21

Health: -11/75     AC: 23    Str: 24    XL:     11   Next: 79%
Magic:  3/3        EV: 12    Int: 11    God:    Trog [******]
Gold:   1284       SH:  0    Dex:  9    Spells: 10/10 levels left

rFire    . . .     SeeInvis .   t - +2 executioner's axe (antimagic)
rCold    . . .     Gourm    .   (shield currently unavailable)
rNeg     + . .     Faith    .   p - +0 plate armour
rPois    ∞         Spirit   .   (helmet restricted)
rElec    +         Reflect  .   (no cloak)
rCorr    .         Harm     .   (no gloves)
MR       .....     NoTele   +   (no boots)
Stlth    ..........             (no amulet)
HPRegen  0.22/turn              n - +3 ring of intelligence
MPRegen  0.08/turn              o - +2 ring of evasion

@: berserk cooldown, slowed, very slow
A: antennae 1, blurry vision 1, frail 1, negative energy resistance 1, sense
surroundings 1, electricity resistance, wild magic 1, unbreathing, petrification
resistance, rot immunity, AC +8
a: Berserk, Trog's Hand, Brothers in Arms, Burn Spellbooks, Renounce Religion


You were in the Dungeon.
You worshipped Trog.
Trog was exalted by your worship.
You were very hungry.

You visited 1 branch You collected 1284 gold pieces.

Inventory:

Hand Weapons
 a - a +5 broad axe of venom
 t - a +2 antimagic executioner's axe (weapon)
 v - a +4 battleaxe of chopping
Armour
 p - a +0 plate armour (worn)
Jewellery
 n - a +3 ring of intelligence (left hand)
 o - a +2 ring of evasion (right hand)
Wands
 l - a wand of acid (10)
Scrolls
 i - 2 scrolls of blinking
 k - 4 scrolls of remove curse
 q - 2 scrolls of magic mapping
 r - 2 scrolls of identify
 s - 4 scrolls of enchant weapon
Potions
 b - a potion of brilliance
 d - 6 potions of curing
 e - 2 potions of heal wounds
 f - a potion of haste
 g - 4 potions of magic
 h - a potion of berserk rage
 j - a potion of invisibility
Comestibles
 c - 11 rations
 m - 6 chunks of flesh


   Skills:
 + Level 16.4 Fighting
 + Level 18.3 Axes
 + Level 11.0 Armour
 + Level 6.8 Dodging


You had 10 spell levels left.
You didn't know any spells.

Dungeon Overview and Level Annotations

Branches:
Dungeon (1/1)

Altars:
Cheibriados
Dithmenos
Elyvilon
Fedhas
Gozag
Hepliaklqana
Kikubaaqudgha
Makhleb
Nemelex Xobeh
Okawaru
Qazlal
Ru
Sif Muna
Trog
Uskayaw
Vehumet
Wu Jian
Xom
Yredelemnul
Zin
The Shining One
Beogh
Jiyva
Lugonu

Shops:
D *


Innate Abilities, Weirdness & Mutations

You are resistant to torment.
Your stone body is resilient. (AC +8)
You are immune to poison.
You resist negative energy. (rN+)
You are resistant to electric shocks. (rElec)
You can survive without breathing.
You are immune to petrification.
You are immune to rotting.
You have a pair of small antennae on your head.
Scrolls take you a little longer to read.
You are frail. (-10% HP)
You passively map a small area around you.
Your spells are a little harder to cast, but a little more powerful.


Message History

The sun demon is lightly wounded.
The orc sorcerer jeers loudly.
The orc knight roars a battlecry!
The orcs go into a battle-frenzy!
The orc high priest mumbles some strange prayers to Beogh.
The sun demon hits you!
You are engulfed in flames!!
* * * LOW HITPOINT WARNING * * *
The orc sorcerer gestures at you while chanting.
The bolt of negative energy hits the sun demon.
The sun demon completely resists.
The bolt of negative energy misses you.
The orc high priest mumbles some strange prayers to Beogh against you.
Beogh smites you!
* * * LOW HITPOINT WARNING * * *
You feel better.
The sun demon hits you but does no damage.
The orc high priest intones a terrible prayer.
The sun demon hits you!
* * * LOW HITPOINT WARNING * * *
You are engulfed in flames!
You die...

..()†..[[[)|?.'__________________
▓▓▓▓▓▓▓▓▓▓▓▓▓▓▓▓▓▓▓▓▓▓▓▓▓▓▓▓▓▓▓▓▓
.................................
▓▓▓▓▓▓▓▓▓▓▓▓▓▓▓▓▓▓▓▓▓▓▓▓▓▓▓▓▓▓▓▓▓
.'.)..........'..÷......÷.......†
▓▓▓▓▓▓▓▓▓▓▓▓▓▓▓▓▓▓▓▓▓▓▓▓▓▓▓▓▓▓▓▓▓
...........(.((...)..............
▓▓▓▓▓▓▓▓▓▓▓▓▓▓▓▓▓▓▓▓▓▓▓▓▓▓▓▓▓▓▓▓▓
{{{∩{∩{∩ ooo3oo3@§.§.......))))..
** * ▓▓▓▓▓▓▓▓▓▓▓▓▓▓▓▓▓▓▓▓▓▓▓▓ , ,
, , , , , , * * * * * ** * , ,, ,
, ,, , ** ** * * * * , , , , * *
* * ** ,


You could see an orc knight, an orc high priest, 2 sun demons, an orc sorcerer
and 2 orcs.

Vanquished Creatures
  A dire elephant (D)
  A hydra (D)
  A two-headed ogre (D)
  2 centaur warriors (D)
  2 orc knights (D)
  2 orc sorcerers (D)
  A black mamba (D)
  7 elephants (D)
  Joseph (D)
  A spiny frog (D)
  A rime drake (D)
  4 komodo dragons (D)
  A hornet (D)
  A hippogriff (D)
  4 water moccasins (D)
  3 orc warriors (D)
  A sky beast (D)
  A wolf (D)
  A centaur (D)
  2 crocodiles (D)
  3 bullfrogs (D)
  A scorpion (D)
  A howler monkey (D)
  2 orc priests (D)
  A worker ant (D)
  2 adders (D)
  11 orcs (D)
  2 bat zombies (D)
  2 giant cockroaches (D)
  2 hobgoblins (D)
  A quokka (D)
  A kobold (D)
  A rat (D)
68 creatures vanquished.

Vanquished Creatures (collateral kills)
  6 orc warriors (D)
  An orc wizard (D)
  An orc (D)
8 creatures vanquished.

Grand Total: 76 creatures vanquished

Notes
Turn   | Place    | Note
-------+----------+-------------------------------------------
     0 | D        | Fang the Gargoyle Berserker began the quest for the Orb.
     0 | D        | Reached XP level 1. HP: 14/14 MP: 1/1
     5 | D        | Reached skill level 3 in Axes
    16 | D        | Reached ** piety under Trog
   107 | D        | Noticed a howler monkey
   107 | D        | Noticed a worker ant
   109 | D        | Reached XP level 2. HP: 20/20 MP: 2/2
   113 | D        | Reached *** piety under Trog
   119 | D        | Reached skill level 5 in Fighting
   119 | D        | Reached skill level 4 in Axes
   119 | D        | Reached XP level 3. HP: 17/26 MP: 3/3
   123 | D        | Reached skill level 5 in Axes
   123 | D        | Reached XP level 4. HP: 21/32 MP: 4/4
   286 | D        | Found a roughly hewn altar of Beogh.
   286 | D        | Found a snail-covered altar of Cheibriados.
   286 | D        | Found a shadowy altar of Dithmenos.
   286 | D        | Found a white marble altar of Elyvilon.
   286 | D        | Found a blossoming altar of Fedhas.
   286 | D        | Found an opulent altar of Gozag.
   287 | D        | Found a hazy altar of Hepliaklqana.
   288 | D        | Found a viscous altar of Jiyva.
   289 | D        | Found an ancient bone altar of Kikubaaqudgha.
   290 | D        | Found a corrupted altar of Lugonu.
   291 | D        | Found a burning altar of Makhleb.
   292 | D        | Found a sparkling altar of Nemelex Xobeh.
   293 | D        | Found an iron altar of Okawaru.
   294 | D        | Found a stormy altar of Qazlal.
   295 | D        | Found a sacrificial altar of Ru.
   296 | D        | Found a deep blue altar of Sif Muna.
   297 | D        | Found a bloodstained altar of Trog.
   298 | D        | Found a hide-covered altar of Uskayaw.
   299 | D        | Found a radiant altar of Vehumet.
   300 | D        | Found an ornate altar of the Wu Jian Council.
   301 | D        | Found a shimmering altar of Xom.
   302 | D        | Found a basalt altar of Yredelemnul.
   303 | D        | Found a glowing silver altar of Zin.
   304 | D        | Found a glowing golden altar of the Shining One.
   350 | D        | Noticed an orc warrior
   350 | D        | Noticed a centaur
   350 | D        | Noticed a sky beast
   350 | D        | Noticed a hornet
   353 | D        | Reached **** piety under Trog
   353 | D        | Reached skill level 6 in Axes
   353 | D        | Reached XP level 5. HP: 38/38 MP: 5/5
   358 | D        | Killed a hornet
   358 | D        | Reached skill level 8 in Axes
   358 | D        | Reached XP level 6. HP: 46/46 MP: 6/6
   360 | D        | Killed a sky beast
   360 | D        | Reached skill level 9 in Axes
   364 | D        | Reached XP level 7. HP: 52/52 MP: 7/7
   368 | D        | Reached ***** piety under Trog
   368 | D        | Reached skill level 10 in Fighting
   368 | D        | Reached skill level 10 in Axes
   368 | D        | Reached skill level 5 in Armour
   439 | D        | Noticed a two-headed ogre
   439 | D        | Noticed a centaur warrior
   439 | D        | Noticed a centaur warrior
   444 | D        | Killed a centaur warrior
   444 | D        | Reached skill level 11 in Axes
   444 | D        | Reached skill level 5 in Dodging
   444 | D        | Reached XP level 8. HP: 40/60 MP: 8/8
   451 | D        | Killed a centaur warrior
   451 | D        | Reached skill level 12 in Axes
   451 | D        | Reached XP level 9. HP: 45/66 MP: 9/9
   456 | D        | Killed a two-headed ogre
   456 | D        | Reached skill level 13 in Axes
   457 | D        | Received a gift from Trog
   714 | D        | Gained mutation: Scrolls take you a little longer to read. [potion of mutation]
   714 | D        | Gained mutation: You are resistant to hostile enchantments. (MR+) [potion of mutation]
   714 | D        | Gained mutation: You have a pair of small antennae on your head. [potion of mutation]
   714 | D        | Gained mutation: Your spells are a little harder to cast, but a little more powerful. [potion of mutation]
   717 | D        | Lost mutation: Scrolls take you a little longer to read. [potion of mutation]
   717 | D        | Lost mutation: Your spells are a little harder to cast, but a little more powerful. [potion of mutation]
   717 | D        | Lost mutation: You are resistant to hostile enchantments. (MR+) [potion of mutation]
   717 | D        | Gained mutation: Your spells are a little harder to cast, but a little more powerful. [potion of mutation]
   717 | D        | Gained mutation: You are frail. (-10% HP) [potion of mutation]
   717 | D        | Gained mutation: You passively map a small area around you. [potion of mutation]
   733 | D        | Noticed a rime drake
   733 | D        | Noticed a six-headed hydra
   747 | D        | Reached skill level 14 in Axes
   753 | D        | Killed a 12-headed hydra
   753 | D        | Reached XP level 10. HP: 66/66 MP: 10/10
   761 | D        | Received a gift from Trog
   766 | D        | Reached skill level 15 in Axes
   833 | D        | Noticed a spiny frog
   836 | D        | Noticed a black mamba
   839 | D        | Killed a spiny frog
   849 | D        | Reached ****** piety under Trog
   856 | D        | Killed a black mamba
   856 | D        | Received a gift from Trog
   860 | D        | Reached skill level 16 in Axes
  1166 | D        | Noticed a dire elephant
  1166 | D        | Noticed an elephant
  1166 | D        | Noticed an elephant
  1166 | D        | Noticed an elephant
  1166 | D        | Noticed an elephant
  1166 | D        | Noticed an elephant
  1171 | D        | Killed an elephant
  1175 | D        | Killed an elephant
  1175 | D        | Reached skill level 15 in Fighting
  1175 | D        | Reached XP level 11. HP: 72/72 MP: 11/11
  1186 | D        | Killed a dire elephant
  1186 | D        | Reached skill level 10 in Armour
  1192 | D        | Reached skill level 17 in Axes
  1203 | D        | Received a gift from Trog
  1377 | D        | Noticed Joseph
  1388 | D        | Killed Joseph
  1481 | D        | Received a gift from Trog
  1497 | D        | Received a gift from Trog
  1687 | D        | Noticed an orc knight
  1702 | D        | Killed an orc knight
  1719 | D        | Reached skill level 18 in Axes
  1725 | D        | Received a gift from Trog
  1732 | D        | Noticed an orc knight
  1747 | D        | Killed an orc knight
  1903 | D        | Found Soxty's Assorted Antiques.
  1903 | D        | Noticed an orc high priest
  1903 | D        | Noticed an orc sorcerer
  1903 | D        | Noticed an orc sorcerer
  1903 | D        | Noticed an orc sorcerer
  1904 | D        | Noticed a sun demon
  1909 | D        | Noticed an orc knight
  1909 | D        | Killed an orc sorcerer
  1912 | D        | Paralysed by an orc sorcerer for 6 turns
  1915 | D        | Gained mutation: Scrolls take you a little longer to read. [a neqoxec]
  1919 | D        | Killed an orc sorcerer
  1920 | D        | Noticed a sun demon
  1921 | D        | HP: 2/75 [sun demon[an orc sorcerer] (17)]
  1921 | D        | Mangled by a sun demon

Skill      XL: |  1  2  3  4  5  6  7  8  9 10 11 |
---------------+----------------------------------+-----
Axes           | 3 4 5 6 8 9 11 12 14 16 18 | 18.3
Fighting       | 4 5 6 7 9 11 12 13 15 16 | 16.4
Dodging        | 2 3 4 5 6 |  6.8
Armour         | 3 4 6 8 9 11 | 11.0

Action                   |  1- 3 |  4- 6 |  7- 9 | 10-12 || total
-------------------------+-------+-------+-------+-------++-------
Melee: Hand axe          |    29 |     2 |       |       ||    31
       War axe           |       |    12 |    38 |    42 ||    92
       Battleaxe         |       |       |       |    43 ||    43
       Executioner's axe |       |       |       |    50 ||    50
Invok: Berserk           |     1 |     1 |     2 |     5 ||     9
       Brothers in Arms  |       |       |       |     2 ||     2
  Use: Potion            |       |       |     2 |     2 ||     4
  Eat: Chunk             |       |       |     2 |     9 ||    11
Armor: Animal skin       |     8 |       |       |       ||     8
       Plate armour      |       |     2 |    17 |    63 ||    82
Dodge: Dodged            |    11 |     6 |    25 |    50 ||    92
